Picklejuice-13, neutral male human Tourist --------------- |....<.........###### |.............| ## |.............| # -+----------.-- ### ## ######### #### # #### # ##### # ###### # ---------- #### --.---# |.....%%@o# #### +....|# |.h....GG|# ### |....|# |h...\...|### --.-- ### |.....# |...Gho..| # |...| # ------ ---------- ##->...## |...| |.... ----- Picklejuice-13 the Excursionist Experience level: 6 Strength: 10 Dexterity: 13 Constitution: 14 Intelligence: 14 Wisdom: 8 Charisma: 19 Health: 0(42) Energy: 31(31) Def: 0 Gold: 1388 Moves: 2111 Dungeon seed: 0000000000001313 Game ID: Picklejuice-13_1449096700 Your Inventory: Coins $ - 1388 gold pieces Weapons r - a +0 long sword (weapon in hand) Q - 4 +2 darts (in quiver) Armor e - an uncursed +0 Hawaiian shirt (being worn) N - an uncursed +0 pair of iron shoes Comestibles b - 2 uncursed apples d - 2 uncursed fortune cookies f - 5 uncursed food rations g - an uncursed egg h - an uncursed pancake l - an uncursed tin of newt meat s - an uncursed tin of jackal meat z - an uncursed Tentation Scrolls j - 4 uncursed scrolls of magic mapping B - an uncursed scroll of destroy armor L - an uncursed scroll of blank paper T - 2 uncursed scrolls of scare monster Potions i - 2 uncursed potions of extra healing Rings A - an uncursed ring of fire resistance Wands o - a wand of wishing (1:3) W - a blessed wand of slow monster (0:6) Tools c - an expensive camera (0:61) k - an uncursed credit card n - an uncursed leash I - 5 uncursed tallow candles (0:200) J - a +0 pick-axe O - a cursed tallow candle (0:200) U - an uncursed tin whistle X - an uncursed partly used tallow candle (0:15) Gems q - an uncursed worthless piece of orange glass y - 2 uncursed worthless pieces of green glass K - an uncursed worthless piece of yellowish brown glass Y - an uncursed worthless piece of violet glass Spells and supernatural/magical abilities: Name Level Category Fail Memory W - pray for help -- divine ? -- Your skills at the end: Miscellaneous Skills wands [Basic] Weapon Skills dart [Basic] Spellcasting Skills Final Attributes: You were devoutly aligned. You are dead. Vanquished creatures: a dwarf king 2 bugbears 5 gnome lords a gnomish wizard a paper golem a kitten 2 dwarves 2 kobold lords an iguana a hill orc 2 orc zombies a coyote 2 gas spores a hobbit a large kobold 2 geckos 5 hobgoblins 3 giant rats 2 cave spiders a brown mold 13 gnomes 2 gnome zombies 3 foxes a kobold 2 newts 2 goblins 2 grid bugs 2 lichens a kobold zombie 65 creatures vanquished. Voluntary challenges: You did not adorn yourself with jewelry or accessories. You used a wielded weapon 20 times, starting on turn 1137. You did not apply a unicorn horn. You read items or engraved 39 times, starting on turn 1124. You never genocided any monsters. You never polymorphed an object. You never changed form. You used no wishes. You never split a pudding. You wrote Elbereth's name 36 times, starting on turn 1125. You never violated your personal moral code. Dungeon overview: The Dungeons of Doom: levels 1 to 6 Level 1 an altar to Blind Io a long staircase Level 2 a fountain, a sink stairs to The Gnomish Mines Level 3 a fountain Level 4 Level 5 <- You were here a throne Level 6 The Gnomish Mines: levels 3 to 4 Level 3 stairs to The Dungeons of Doom Level 4 History has recorded: On T:1 you entered the Dungeons of Doom to retrieve the Amulet of Yendor! On T:286 you reached level 2 of The Dungeons of Doom. On T:626 you reached level 1 of The Gnomish Mines. On T:679 you advanced to experience level 2. On T:736 you advanced to experience level 3. On T:783 you advanced to experience level 4. On T:1114 you reached level 2 of The Gnomish Mines. On T:1156 you advanced to experience level 5. On T:1551 you reached level 3 of The Dungeons of Doom. On T:1872 you reached level 4 of The Dungeons of Doom. On T:1906 you reached level 5 of The Dungeons of Doom. On T:2040 you reached level 6 of The Dungeons of Doom. On T:2074 you advanced to experience level 6. Score breakdown: Gold: 449 ( 44 points) Experience: 6 levels ( 500 points) Exploration: 6 levels ( 150 points) Discoveries: 3 items ( 150 points) Variety of kills: 29 monsters ( 1450 points) Major goal: (nothing yet) ( 0 points) Survival: died (score multiplied by 3) Total score: 6882 Latest messages: You write in the dust with your fingers. Your writing hand is beginning to cramp. The gnome punches you! The hobgoblin picks up 3 crude daggers. The gnome king thrusts one of his daggers. The gnome king stabs you! You die... Final status: Aloha Picklejuice-13 the Tourist, killed by a gnome king... You died in The Dungeons of Doom on dungeon level 5 with 6882 points, and 1388 pieces of gold, after 2111 moves. You were level 6 with a maximum of 42 hit points when you died.